dreamyeyed, lawful female human Valkyrie ----- --.|*-- |.<..*| |.....| --.|).-- -- |.|...| -1 |.|--.| -01 |.| -- -.11 1 |%------- |.n^- |..^....| -...-- |..----.---|.H.f.| |..| |...---.@.-- ---- ---..|.-.-| -..........| |....|......- -..---..... ---- ---.. - dreamyeyed the Fighter Experience level: 8 Strength: 18 Dexterity: 14 Constitution: 15 Intelligence: 11 Wisdom: 10 Charisma: 13 Health: 0(61) Energy: 19(19) Def: 17 Gold: 361 Moves: 7127 Dungeon seed: qStTDCgKytELjwxD Game ID: dreamyeyed_1514678439 Your Inventory: Coins $ - 361 gold pieces Weapons a - a blessed corroded +2 long sword b - an uncursed +0 dagger u - an uncursed +0 aklys of fire L - the uncursed rustproof +1 Mjollnir (weapon in hand) Armor e - an uncursed +3 small shield (being worn) r - a blessed +1 dwarvish iron helm (being worn) y - a blessed +0 dwarvish mithril-coat (being worn) z - a blessed +4 pair of iron shoes (being worn) N - a cursed -2 mummy wrapping of searching and warning (being worn) Y - an uncursed +0 elven cloak Comestibles P - 2 uncursed food rations Scrolls m - an uncursed scroll of remove curse R - a cursed scroll of teleportation Spellbooks A - an uncursed spellbook of detect monsters Potions t - an uncursed potion of full healing S - an uncursed potion of sickness Rings n - an uncursed ring of sustain ability Wands k - an uncursed wand of light (0:14) w - an uncursed wand of nothing (0:6) D - an uncursed wand of speed monster (0:3) Tools d - an uncursed oil lamp (lit) (0:974) s - an uncursed credit card v - 9 uncursed tallow candles (0:200) x - an uncursed tinning kit (0:86) M - an uncursed +0 unicorn horn Q - an uncursed +0 unicorn horn U - an uncursed +0 unicorn horn V - an uncursed skeleton key Gems q - an uncursed worthless piece of blue glass Spells and supernatural/magical abilities: Spells marked with '*' are forgotten. Spells marked with '!' are maintained. Spells marked with '#' are aliased with 'castalias'. Name Level Category Fail Memory W - pray for help -- divine ? -- Your skills at the end: Fighting Skills wands [Basic] Weapon Skills dagger [Basic] long sword [Expert] hammer [Basic] Spellcasting Skills Final Attributes: You were immune to cold. You were warned. You had automatic searching. You were visible. You were stealthy. You were fast. You were lucky. You got a gift from your god 652 turns ago. You are dead. Vanquished creatures: a large mimic a small mimic a large cat an incubus a spotted jelly a leprechaun 3 gnome kings a dwarf mummy 2 brown puddings 2 jaguars 2 gray unicorns a black unicorn a plains centaur 2 gnome mummies an ape a Woodland-elf a soldier ant 2 bugbears an imp a wood nymph a water nymph a mountain nymph 2 rock piercers a rock mole a fog cloud 2 yellow lights a violet fungus 7 gnome lords 8 gnomish wizards a black naga hatchling 2 straw golems a giant ant 2 floating eyes 3 dwarves 2 homunculi a kobold lord a kobold shaman 5 monkeys a wererat 2 iguanas an acid blob 2 coyotes a gas spore 5 manes 3 giant rats 4 cave spiders 2 yellow molds a red mold 30 gnomes 2 garter snakes a gnome zombie a gecko 8 jackals 3 foxes 2 kobolds 3 goblins 6 sewer rats 4 grid bugs 5 lichens 2 kobold zombies 10 newts 168 creatures vanquished. Voluntary challenges: You used a wielded weapon 236 times, starting on turn 33. You read items or engraved 11 times, starting on turn 511. You never genocided any monsters. You never polymorphed an object. You never changed form. You used no wishes. You split 1 pudding, starting on turn 4524. You wrote Elbereth's name 6 times, starting on turn 511. You never violated your personal moral code. Dungeon overview: The Dungeons of Doom: levels 1 to 3 Level 1 a vault a long staircase Level 2 a general store, a fountain stairs to The Gnomish Mines Level 3 The Gnomish Mines: levels 3 to 9 Level 3 stairs to The Dungeons of Doom Level 4 Level 5 some shops, a temple to Tyr, some fountains, a sink Level 6 Level 7 Level 8 Level 9 <- You were here History has recorded: On T:1 you entered the Dungeons of Doom to retrieve the Amulet of Yendor! On T:32 you reached level 2 of The Dungeons of Doom. On T:309 you advanced to experience level 2. On T:515 you reached level 3 of The Dungeons of Doom. On T:564 you reached level 1 of The Gnomish Mines. On T:565 you advanced to experience level 3. On T:686 you advanced to experience level 4. On T:894 you advanced to experience level 5. On T:1064 you reached level 2 of The Gnomish Mines. On T:1167 you advanced to experience level 6. On T:1417 you reached level 3 of The Gnomish Mines. On T:1440 you reached level 4 of The Gnomish Mines. On T:1810 you advanced to experience level 7. On T:6285 you advanced to experience level 8. On T:6475 you received Mjollnir from Tyr. On T:6772 you reached level 5 of The Gnomish Mines. On T:6935 you reached level 6 of The Gnomish Mines. On T:7094 you reached level 7 of The Gnomish Mines. Score breakdown: Gold: 361 ( 8703 points) Experience: 8 levels (14739 points) Exploration: 9 levels ( 18.37%) (12247 points) Discoveries: 16 items ( 6.43%) ( 7604 points) Valuables value: (no points given unless you survive) Artifact value: 4000 (12253 points) Variety of kills: 61 monsters ( 16.05%) (12019 points) Turncount: 7127 turns (-1878 points) Survival: died (score multiplied by 80%) Total score: 52549 Latest messages: You shudder for a moment. You slow down slightly. You are carrying too much to get through. The gnome queen picks up a scroll from the floor. The gnome queen reaches into an a bag of tricks! The minotaur hits! (2x) The minotaur butts! The minotaur hits! The minotaur misses. The minotaur butts! The gnome queen reaches into an a bag of tricks! Never mind. You feel better. The massive hammer hits! Lightning strikes the minotaur! The housecat misses. The minotaur hits! (2x) The minotaur butts! The housecat bites! You die... Final status: Farvel dreamyeyed the Valkyrie, killed by a housecat... You died in The Gnomish Mines on dungeon level 9 with 52549 points, and 361 pieces of gold, after 7127 moves. You were level 8 with a maximum of 61 hit points when you died.